Unix NetHack Version 5.0.0-0 post-release - last build Jun 10 2026 00:39:30 (3ee93aec679c4c4259841fe613dc97188e26a321,branch:main).

Game began 2026-06-29 17:32:49, ended 2026-06-29 17:56:17.

DaveT, lawful male human Priest

 -------    -----
 |.....|    ....|    -----
 |.....|   #-*..|#   |...|
 |.....|   #|...|#   q...|
 -.-----   #|...|####a@..|
  #        #|...-# # |.).-
  #        #|...|##  |...|
  #        #-----    ---.-
  #        #          ###
  #        #          #
  #       ##  #  #    #
  ##      ## ##### ####
   #      # * # ####
   #      #   #---------
  -|------#   #|.>.....|
  |.[..<.|#   #-%......|
  |.......#    |.(.....|
  |.(.`..|     ---------
  --------

DaveT the Adept              St:15 Dx:9 Co:14 In:14 Wi:18 Ch:10  Lawful
Dlvl:7  $:77 HP:0(53) Pw:103(103) AC:-1 Xp:8 T:3965  Satiated Burdened

Latest messages:
 In what direction? l
 The throwing star hits the leprechaun.
 What do you want to throw? [mr or ?*] r
 In what direction? l
 The throwing star misses the leprechaun.
 What do you want to throw? [mr or ?*] r
 In what direction? l
 You kill the leprechaun!
 The leprechaun picks up 109 gold pieces.
 What do you want to throw? [m or ?*] r
 You don't have that object.
 What do you want to throw? [m or ?*] ?
 In what direction? l
 The dagger misses the leprechaun.
 You hit the leprechaun!
 You kill the leprechaun!
 You see here 217 gold pieces.
 You have a little trouble lifting $ - 217 gold pieces.
 The leprechaun hits!
 Your purse feels lighter.
 The leprechaun vanishes!
 You see here 2 throwing stars.
 You hear a G sharp squeak in the distance.
 You have a little trouble lifting r - 2 throwing stars (at the ready).
 You see here a throwing star.
 You have a little trouble lifting r - a throwing star (at the ready) (3 in total).
 You see here a dagger.
 You have a little trouble lifting m - a dagger.
 You hear water falling on coins.
 You see here a horse corpse.
 You see here a crossbow.
 The rothe misses!
 The rothe bites!
 The rothe bites again!
 The soldier ant bites!
 The soldier ant stings!
 The soldier ant's sting was poisoned!
 The soldier ant bites!
 The soldier ant stings!
 The soldier ant misses!
 The soldier ant misses!
 You hit the soldier ant!
 The soldier ant bites!
 The soldier ant stings!
 The soldier ant misses!
 The soldier ant stings!
 The soldier ant bites!
 You die...
 Do you want your possessions identified? [ynq] (y) y
 Do you want to see your attributes? [ynq] (y) q

Inventory:
 Coins    ('$')
  $ - 77 gold pieces
 Weapons  (')')
  r - 3 +0 shuriken (at the ready)
  m - a +0 dagger
  a - a blessed +2 mace (weapon in right hand)
 Armor    ('[')
  B - a +0 helm of brilliance (being worn)
  q - a +0 pair of high boots (being worn)
  c - a rotted +0 small shield (being worn)
  b - a +0 robe (being worn)
  H - a +0 splint mail (being worn)
 Comestibles  ('%')
  e - a clove of garlic
 Spellbooks  ('+')
  Z - a spellbook of confuse monster
  g - a cursed spellbook of healing
 Potions  ('!')
  i - 2 blessed potions of healing
 Rings    ('=')
  W - a blessed +2 ring of increase damage (on left hand)
  u - a +1 ring of protection
  l - a ring of slow digestion (on right hand)
 Wands    ('/')
  t - a wand of cold (1:0)
 Tools    ('(')
  G - a sack containing 16 items
  k - a cursed brass lantern
  v - a skeleton key

Contents of the sack:
  1724 gold pieces
  a blessed +0 dart
  a blessed +1 orcish dagger
  a +0 mummy wrapping
  5 food rations
  a cursed food ration
  2 fortune cookies
  a lembas wafer
  a lichen corpse
  a lizard corpse
  a potion of gain energy
  3 potions of healing
  4 potions of holy water
  a cursed ring of polymorph
  a bell
  a worthless piece of yellowish brown glass

DaveT the Priest's attributes:

Background:
 You were an Adept, a level 8 human Priest.
 You were lawful, on a mission for Ptah
 who was opposed by Thoth (neutral) and Anhur (chaotic).
 You were right-handed.
 You were in the Dungeons of Doom, on level 7.
 You entered the dungeon 3965 turns ago.
 There was a full moon in effect when your adventure ended.
 You had 1562 experience points, 998 more were needed to attain level 9.

Basics:
 You had 0 out of 53 hit points.
 You had all 103 energy points (spell power).
 Your armor class was -1.
 Your wallet contained 77 zorkmids, and
 you had 1724 more stashed away in your pack.
 Autopickup was off.

Final Characteristics:
 Your strength was 15 (limit:18/100).
 Your dexterity was 9 (limit:18).
 Your constitution was 14 (peak:15, limit:18).
 Your intelligence was 14 (limit:18).
 Your wisdom was 18 (limit:18).
 Your charisma was 10 (limit:18).

Final Status:
 You were satiated.
 You were burdened; movement was slightly slowed.
 You were wielding a mace.
 You had basic skill with mace and could have enhanced that.

Final Attributes:
 You were piously aligned.
 You were telepathic.
 You had slower digestion.
 You had a small damage bonus (+2).
 You were guarded.
 Your spell casting was impaired by metallic armor, mitigated by your robe.
 You were lucky.
 You are dead (2nd time!).

Miscellaneous:
 You didn't encounter any bones levels.
 Total elapsed playing time was 23 minutes and 27 seconds.

Major events:
 Turn
    1: DaveT the lawful human Priest entered the dungeon
  329: attained the rank of Acolyte (level 3)
 1102: entered the Gnomish Mines
 2852: attained the rank of Adept (level 6)
 3505: averted death (killed by an ettin zombie)
 3965: killed by a soldier ant

Spells:
 Name                 Level Category     Fail Retention
 light                  1   clerical      31%   81%-90%
 cure blindness         2   healing       72%  76%-100%
 confuse monster        1   enchantment   31%  76%-100%

Skills:
 Fighting Skills
   bare handed combat [Unskilled]
 Weapon Skills
   club               [Unskilled]
   mace               [Basic]
   morning star       [Unskilled]
   flail              [Unskilled]
   hammer             [Unskilled]
   quarterstaff       [Unskilled]
   polearms           [Unskilled]
   spear              [Unskilled]
   trident            [Unskilled]
   lance              [Unskilled]
   bow                [Unskilled]
   sling              [Unskilled]
   crossbow           [Unskilled]
   dart               [Unskilled]
   shuriken           [Unskilled]
   boomerang          [Unskilled]
   unicorn horn       [Unskilled]
 Spellcasting Skills
   healing spells     [Unskilled]
   divination spells  [Unskilled]
   clerical spells    [Basic]

Voluntary challenges:
 Character rerolling was not enabled.
 You never genocided any monsters.
 You never polymorphed an object.
 You never changed form.
 You used no wishes.
Achievements:
 You attained the rank of Acolyte.
 You entered the Gnomish Mines.
 You entered a shop.
 You attained the rank of Adept.

 The Dungeons of Doom: levels 1 to 8
    Level 1:
       Some fountains.
    Level 2:
       Some altars, a fountain.
    Level 3: "vault"
       A general store, a fountain.
       Stairs down to The Gnomish Mines.
    Level 4:
       A grave.
    Level 5:
       A potion shop, a fountain.
    Level 6:
    Level 7: <- You were here.
       Final resting place for
          you, killed by a soldier ant.
    Level 8:
       A fountain.
 The Gnomish Mines:
    Level 4:


Vanquished creatures:
  a large mimic
 an ettin zombie
 13 leprechauns
  a horse
  2 brown puddings
  a lizard
  a jaguar
  a dust vortex
  a rock piercer
  2 rock moles
  a fog cloud
  a gnomish wizard
  a kobold mummy
  2 little dogs
  2 floating eyes
  4 rothes
  a rabid rat
  a monkey
  a wererat
  a werejackal
  2 acid blobs
  2 coyotes
  a gas spore
  a hobbit
  a manes
  2 giant rats
  5 cave spiders
  a brown mold
  a red mold
  3 geckos
  3 jackals
  2 foxes
  a kobold
  3 goblins
  8 sewer rats
  3 grid bugs
  2 bats
  5 lichens
  a kobold zombie
  5 newts
91 creatures vanquished.

No species were genocided or became extinct.

Game over:
                       ----------
                      /          \
                     /    REST    \
                    /      IN      \
                   /     PEACE      \
                  /                  \
                  |      DaveT       |
                  |     1801 Au      |
                  |   killed by a    |
                  |   soldier ant    |
                  |                  |
                  |                  |
                  |       2026       |
                 *|     *  *  *      | *
        _________)/\\_//(\/(/\)/\//\/|_)_______

Goodbye DaveT the Priest...

You died in The Dungeons of Doom on dungeon level 7 with 6383 points,
and 1801 pieces of gold, after 3965 moves.
You were level 8 with a maximum of 53 hit points when you died.

